 Dungeon Crawl Stone Soup version 0.14-a0-2162-g062a2ce (webtiles) character file.

196 M4edhros the Vandal (level 4, -1/28 HPs)
             Began as an Octopode Hunter on Jan 28, 2014.
             Hit by a dart thrown by a big kobold (2 damage)
             ... in a sewer.
             The game lasted 00:01:58 (1430 turns).

M4edhros the Vandal (Octopode Hunter)               Turns: 1430, Time: 00:01:58

HP  -1/28        AC  1     Str 11      XL: 4   Next: 93%
MP   4/4         EV 12     Int 13      God:
Gold 84          SH  0     Dex 13      Spells:  0 memorised,  3 levels left

rFire  . . .     SeeInvis .     k - +1,+2 sling (flame)
rCold  . . .     Clarity  .     (no shield)
rNeg   . . .     Conserve .     (helmet restricted)
rPois  .         rCorr    .     (no amulet)
rElec  .         rRot     .     (no ring)
SustAb . .       Spirit   .     (no ring)
rMut   .         Warding  .     (no ring)
Saprov . . .     Stasis   .     (no ring)
MR     .....                    (no ring)
                                (no ring)
                                (no ring)
                                (no ring)

@: not resistant to hostile enchantments, quite stealthy
A: almost no armour, amphibious, 8 rings, constrict 8, camouflage 1, gelatinous
body 1
a: no special abilities


You were in a sewer.
You were not hungry.

You visited 1 branch of the dungeon, and saw 4 of its levels.
You also visited: Sewer.

You collected 84 gold pieces.

Inventory:

Hand weapons
 a - a +0,+0 short sword
 b - a +1,+1 sling
 k - a +1,+2 sling of flame (weapon)
Missiles
 c - 39 sling bullets
 h - 82 stones (quivered)
Comestibles
 f - 3 bread rations
 o - 2 meat rations
Scrolls
 g - a scroll of noise {unknown}
 l - 2 scrolls of identify
 m - a scroll of recharging {unknown}
 s - a scroll of fear {unknown}
Potions
 d - a potion of mutation {unknown}
 i - 2 potions of lignification
 j - a potion of might
 n - 2 potions of restore abilities {unknown}
 p - a potion of heal wounds {unknown}
 q - a potion of speed {unknown}
 r - 2 potions of brilliance


   Skills:
 - Level 1.0 Fighting
 + Level 6.1 Slings
 - Level 2.0 Dodging
 - Level 1.3 Stealth


You had 3 spell levels left.
You didn't know any spells.

Dungeon Overview and Level Annotations

Branches:
Dungeon (4/16)
 Temple: D:4-7

Altars:
Elyvilon


Innate Abilities, Weirdness & Mutations

You cannot wear most types of armour.
You are amphibious.
You can wear up to eight rings at the same time.
You can use your tentacles to constrict many enemies at once.
Your skin changes colour to match your surroundings (Stlth).
Your rubbery body absorbs attacks (AC +1).


Message History

You hear a splash.
You see here a dart.
Drink which item? (? for menu, Esc to quit)
You feel better.
The big kobold throws a dart.
The dart hits you!
* * * LOW HITPOINT WARNING * * *
You hear a splash.
Drink which item? (? for menu, Esc to quit)
You feel better. The kobold hits you.
The kobold hits you with a glowing elven whip!
* * * LOW HITPOINT WARNING * * *
The big kobold throws a dart.
The dart hits you!
* * * LOW HITPOINT WARNING * * *
You hear a splash.
Unknown command.
Unknown command.
The kobold unwields an uncursed orcish dagger.
The kobold wields a crossbow.
The kobold shoots a bolt.
The bolt misses you.
You hear a splash.
The big kobold throws a dart.
The dart hits you!
You die...

### ###≈≈≈≈≈≈#######
#!!#!)#≈≈≈≈≈≈#..#.[#
!...!#≈≈≈≈≈≈#.....#
##...##≈≈≈≈≈≈##.).##
#.....#≈≈≈≈≈≈#..%..#
..(K #≈≈≈≈≈≈#.....#
##(###≈≈≈≈≈≈###'###
#(.K.≈≈≈≈≈≈≈≈≈...##
#..(K≈(@≈≈≈≈(≈....#
#%..K.KK≈≈≈≈≈≈....#
#......≈≈≈≈≈≈≈....##
##.....≈≈≈≈≈≈≈.....#
#....#≈≈≈≈≈≈≈.....#
##..##≈≈≈≈≈≈......#
#..##≈≈≈≈≈≈.....##
#...##≈≈≈≈≈.....#
#....#≈≈≈≈≈....##


You could see a big kobold and 4 kobolds.

Vanquished Creatures
  A big fish (D:4)
  2 adders
  A green rat (Sewer)
  A giant mite (D:4)
  A grey rat (Sewer)
  An ooze (D:3)
  A giant gecko (D:1)
  2 giant cockroaches (D:2)
  3 goblins
  3 hobgoblins
  A quokka (D:2)
  2 ball pythons
  5 bats
  3 giant newts
  A hobgoblin skeleton (D:4)
  2 jackals (D:2)
  11 kobolds
  8 rats
49 creatures vanquished.

Notes
Turn   | Place    | Note
--------------------------------------------------------------
     0 | D:1      | M4edhros, the Octopode Hunter, began the quest for the Orb.
     0 | D:1      | Reached XP level 1. HP: 13/13 MP: 1/1
   261 | D:1      | Reached XP level 2. HP: 18/18 MP: 2/2
   620 | D:2      | Reached XP level 3. HP: 23/23 MP: 3/3
   679 | D:2      | Reached skill level 5 in Slings
  1107 | D:3      | Found a white marble altar of Elyvilon.
  1122 | D:4      | Reached XP level 4. HP: 28/28 MP: 4/4
  1167 | D:4      | Found a glowing drain.
  1322 | Sewer    | Entered a sewer
  1339 | Sewer    | Reached skill level 6 in Slings
  1418 | Sewer    | Noticed a big kobold
  1427 | Sewer    | HP: 1/28 [big kobold/ dart (10)]
  1430 | Sewer    | Hit by a dart thrown by a big kobold

Action                   |  1- 3 |  4- 6 || total
-------------------------+-------+-------++-------
 Fire: Sling             |    89 |    27 ||   116
  Use: Potion            |     1 |     2 ||     3
       Scroll            |     1 |       ||     1
